AoeStats
← Josmi-Ga'lock

Lombardia

508978812Analyzed
4v4 RM · 9d ago on Sep 24, 2026· 46m 29s· 8 players
Game mode
Random Map
Map size
Large (8 player)
Population
200
Speed
Normal
Resources
Standard
Victory
Conquest
Starting age
Dark Age
Ending age
Imperial Age
RankedLock teamsTeams togetherTeam positionsShared explorationLock speedFull tech treeHidden civsTurbo modeCheats
Victory
Defeat
🇨🇦 Poles · Canada
981
+15
🇹🇷 Italians · Türkiye
950
+16
🇭🇰 Bengalis · Hong Kong SAR China
936
+16
🇲🇽 Slavs · Mexico
923
+17
🇻🇪 Cumans · Venezuela
963
-17
🇧🇷 Portuguese · Brazil
957
-16
🇦🇷 Saxons · Argentina
951
-16
🇧🇷 Britons · Brazil
914
-15
Abyssus
4:57 Loom
12:08 Feudal Age
14:26 Double-Bit Axe
15:40 Horse Collar
23:23 Castle Age
21:12 Town Watch
23:51 Wheelbarrow
23:33 Bloodlines
23:58 Stone Mining
24:30 Gold Mining
24:46 Heavy Plow
24:58 Bow Saw
25:39 Fletching
25:56 Scale Barding Armor
26:55 Hand Cart
27:44 Padded Archer Armor
34:31 Imperial Age
32:15 Bodkin Arrow
35:06 Leather Archer Armor
35:12 Chain Barding Armor
35:12 Steppe Husbandry
35:14 Cuman Mercenaries
35:36 Conscription
35:52 Hoardings
38:03 Ring Archer Armor
38:12 Parthian Tactics
37:53 Thumb Ring
39:15 Elite Kipchak
40:16 Light Cavalry
42:14 Plate Barding Armor
41:50 Forging
41:24 Hussar
Men-yopuk
11:41 Feudal Age
12:59 Wheelbarrow
12:10 Double-Bit Axe
12:10 Horse Collar
15:31 Gold Mining
19:32 Castle Age
17:43 Stone Mining
19:07 Padded Archer Armor
18:59 Fletching
20:26 Bow Saw
24:13 Heavy Plow
27:42 Gold Shaft Mining
27:46 Bodkin Arrow
31:28 Hand Cart
37:40 Imperial Age
34:57 Loom
35:38 Ballistics
37:52 Leather Archer Armor
Josmi-Ga'lock
0:30 Loom
11:54 Feudal Age
13:21 Town Watch
13:24 Double-Bit Axe
16:30 Gold Mining
21:59 Castle Age
20:18 Horse Collar
20:43 Fletching
21:01 Stone Mining
24:09 Bow Saw
24:58 Bodkin Arrow
31:59 Wheelbarrow
31:27 Heavy Plow
31:57 Ballistics
37:28 Imperial Age
35:56 Hand Cart
38:03 Elite Varangian Guard
38:48 Squires
39:36 Murder Holes
39:24 Treadmill Crane
ChronoMiner
0:38 Loom
12:46 Feudal Age
13:24 Double-Bit Axe
14:51 Horse Collar
22:05 Castle Age
21:39 Gold Mining
21:40 Stone Mining
23:22 Bow Saw
23:14 Heavy Plow
27:04 Fletching
30:29 Elite Skirmisher
31:15 Thumb Ring
35:43 Imperial Age
38:56 Chemistry
37:52 Murder Holes
38:52 Caravan
38:59 Crossbowman
41:11 Bodkin Arrow
42:35 Ballistics
42:06 Heated Shot
TheCreepy
12:23 Feudal Age
17:36 Castle Age
16:27 Wheelbarrow
15:49 Stone Mining
15:46 Double-Bit Axe
15:49 Horse Collar
18:21 Wheelbarrow
19:48 Hand Cart
24:57 Squires
25:53 Scale Mail Armor
26:03 Forging
30:32 Imperial Age
31:27 Chain Mail Armor
30:35 Elite Obuch
32:31 Conscription
35:23 Plate Mail Armor
35:29 Iron Casting
36:27 Arson
Neto
11:01 Feudal Age
10:19 Loom
12:30 Double-Bit Axe
18:31 Castle Age
16:20 Horse Collar
18:34 Stone Mining
20:26 Bow Saw
20:22 Gold Mining
20:39 Heavy Plow
25:13 Wheelbarrow
26:09 Scale Mail Armor
26:20 Forging
27:06 Hand Cart
27:11 Caravan
27:53 Chain Mail Armor
28:19 Man-at-Arms
29:00 Squires
29:39 Iron Casting
30:18 Gold Shaft Mining
29:46 Long Swordsman
29:47 Pikeman
33:39 Imperial Age
33:00 Detinets
34:27 Druzhina
34:47 Conscription
35:03 Plate Mail Armor
35:34 Blast Furnace
34:33 Capped Ram
34:40 Two-Handed Swordsman
35:09 Town Watch
35:43 Fletching
35:37 Siege Ram
36:44 Champion
36:46 Halberdier
38:17 Heavy Scorpion
40:56 Scale Barding Armor
41:09 Elite Boyar
42:21 Chain Barding Armor
42:55 Siege Engineers
43:10 Ballistics
43:51 Chemistry
44:14 Masonry
44:34 Husbandry
44:44 Bloodlines
45:13 Plate Barding Armor
44:34 Bodkin Arrow
SongForBob
9:03 Loom
9:13 Loom
11:50 Feudal Age
16:58 Castle Age
14:55 Double-Bit Axe
15:59 Horse Collar
16:30 Padded Archer Armor
20:34 Wheelbarrow
23:05 Leather Archer Armor
24:50 Bow Saw
24:41 Heavy Plow
25:03 Fletching
33:58 Imperial Age
31:56 Gold Mining
32:30 Ballistics
32:51 Hand Cart
33:00 Heated Shot
33:06 Stone Mining
35:43 Chemistry
34:55 Forging
34:45 Scale Mail Armor
35:22 Squires
34:42 Pikeman
35:11 Arson
36:56 Iron Casting
36:36 Chain Mail Armor
36:59 Crop Rotation
37:22 Iron Casting
37:51 Chain Mail Armor
38:19 Bodkin Arrow
39:30 Blast Furnace
39:47 Plate Mail Armor
41:35 Ring Archer Armor
41:57 Conscription
42:50 Elite Genoese Crossbowman
43:24 Town Watch
装糖阴一手
2:18 Loom
12:15 Feudal Age
13:34 Wheelbarrow
12:41 Horse Collar
12:48 Double-Bit Axe
19:55 Castle Age
17:56 Gold Mining
18:58 Stone Mining
20:55 Bow Saw
22:08 Heavy Plow
24:59 Fletching
25:10 Padded Archer Armor
25:45 Bodkin Arrow
26:02 Forging
28:48 Leather Archer Armor
29:09 Iron Casting
31:28 Bloodlines
31:18 Husbandry
34:38 Paiks
34:37 Light Cavalry
39:21 Imperial Age
37:08 Hand Cart
39:29 Elite Ratha (Ranged)
40:29 Conscription
40:32 Mahayana
42:29 Bracer
43:35 Blast Furnace
42:51 Bracer
43:22 Ring Archer Armor
43:46 Gold Shaft Mining
47:28 Chemistry
46:49 Ballistics
Connection lost

Rejoining the realm…

Still unreachable

The connection could not be restored.

Session expired

The server has moved on; the page needs a fresh start.